 Dungeon Crawl Stone Soup version 0.20.1-1-g8b1a95d (webtiles) character file.

588325 Monsterracer the Wrestler (level 27, -1/267 HPs)
             Began as a Naga Transmuter on Aug 25, 2017.
             Was the Champion of Makhleb.
             Slain by a tentacled monstrosity (14 damage)
             ... on level 3 of the Realm of Zot on Aug 26, 2017.
             The game lasted 03:47:28 (56962 turns).

Monsterracer the Wrestler (Naga Transmuter)        Turns: 56962, Time: 03:47:28

Health: -1/267     AC: 43    Str: 13    XL:     27
Magic:  31/31      EV: 16    Int: 27    God:    Makhleb [******]
Gold:   5973       SH:  0    Dex: 13    Spells: 6/34 levels left

rFire    + + +     SeeInvis +     - Unarmed
rCold    . . .     Gourm    .   (no shield)
rNeg     + + .     Faith    .   y - +4 troll leather armour of Yjuroqygh {rElec rF+++ MR- Regen+ Dex-2}
rPois    +         Spirit   .   w - +2 helmet
rElec    +         Reflect  .   A - +2 cloak
rCorr    .         Harm     .   S - +1 pair of gloves of Moral Flaws {MR+ Int+3 Slay+2 Stlth+}
MR       +++++     Clarity  +   G - +5 naga barding of the Soldier {rF+ MR+ Stlth+}
Stlth    +++++.....             B - amulet of the Four Winds {rN+ MR+++ Clar}
Regen    1.0/turn               z - ring "Itairhil" {rPois rN+ AC+4 Str-2 Int+3}
MPRegen  0.3/turn               x - +4 ring of evasion

@: confused, about to teleport, slowed, constricted, studying Stealth, very slow
A: claws 1, stinger 1, thin metallic scales 1, thin skeletal structure 1, see
invisible, blink, deformed body, dopey 1, low mp 1, poison resistance, slowness
2, slow metabolism 1, spit poison 1, constrict 1, AC +9
}: 3/15 runes: barnacled, silver, gossamer
a: Spit Poison, Blink, Minor Destruction, Lesser Servant of Makhleb, Major
Destruction, Greater Servant of Makhleb, Renounce Religion


You were on level 3 of the Realm of Zot.
You worshipped Makhleb.
Makhleb was exalted by your worship.
You were not hungry.

You visited 8 branches of the dungeon, and saw 44 of its levels.
You visited 1 bazaar.
You also visited: Labyrinth, Trove, Ossuary, Bailey and Wizlab.

You collected 7696 gold pieces.
You spent 1723 gold pieces at shops.

Inventory:

Missiles
 a - 1626 arrows
Armour
 w - a +2 helmet (worn)
 y - the +4 troll leather armour of Yjuroqygh (worn) {rElec rF+++ MR- Regen+ Dex-2}
   (You found it in a treasure trove)

   It affects your dexterity (-2).
   It renders you almost immune to fire.
   It insulates you from electricity.
   It affects your resistance to hostile enchantments.
   It increases your rate of regeneration.
 A - a +2 cloak (worn)
 G - the +5 naga barding of the Soldier (worn) {rF+ MR+ Stlth+}
   (You found it in a treasure trove)

   It protects you from fire.
   It affects your resistance to hostile enchantments.
   It makes you more stealthy.
 S - the +1 pair of gloves of Moral Flaws (worn) {MR+ Int+3 Slay+2 Stlth+}
   (You found it on level 4 of the Depths)

   It affects your intelligence (+3).
   It affects your accuracy and damage with ranged weapons and melee attacks
   (+2).
   It affects your resistance to hostile enchantments.
   It makes you more stealthy.
Jewellery
 j - an uncursed ring of protection from cold
 x - a +4 ring of evasion (right hand)
 z - the ring "Itairhil" (left hand) {rPois rN+ AC+4 Str-2 Int+3}
   (You bought it in a shop on level 2 of the Orcish Mines)

   [ring of protection]

   It affects your AC (+4).
   It affects your strength (-2).
   It affects your intelligence (+3).
   It protects you from poison.
   It protects you from negative energy.
 B - the amulet of the Four Winds (around neck) {rN+ MR+++ Clar}
   (You took it off a big kobold on level 14 of the Dungeon)

   [amulet of nothing]

   It protects you from negative energy.
   It affects your resistance to hostile enchantments.
   It protects you against confusion.
 O - an uncursed ring of resist corrosion
 Q - the ring of Asorefik {+Fly rPois Str-2 Int+10}
   (You took it off a yaktaur captain on level 2 of the Depths)

   [ring of poison resistance]

   It affects your strength (-2).
   It affects your intelligence (+10).
   It protects you from poison.
   It lets you fly.
Wands
 C - a wand of digging (21/24)
 K - a wand of digging (13/24)
 L - a wand of digging (13/24)
Scrolls
 c - 5 scrolls of amnesia
 f - 3 scrolls of identify
 g - 11 scrolls of remove curse
 k - 6 scrolls of magic mapping
 l - 4 scrolls of blinking
 o - 7 scrolls of teleportation
 E - 4 scrolls of enchant armour
 H - 2 scrolls of fog
 M - 2 scrolls of fear
 R - 2 scrolls of recharging
Potions
 b - 4 potions of invisibility
 e - 11 potions of flight
 h - 9 potions of brilliance
 m - 16 potions of curing
 n - 2 potions of magic
 q - 3 potions of heal wounds
 r - 2 potions of agility
 s - a potion of berserk rage
 t - 8 potions of might
 u - 4 potions of haste
 v - 3 potions of resistance
 I - 4 potions of mutation
 J - a potion of ambrosia
 N - a potion of cancellation
Books
 F - a manual of Stealth
Comestibles
 d - 26 bread rations
 i - 19 meat rations
 p - 15 royal jellies
 D - 54 fruits


   Skills:
 + Level 19.7 Fighting
 - Level 11.0 Armour
 - Level 13.5 Dodging
 + Level 23.4 Stealth
 * Level 26.3 Unarmed Combat
 - Level 4.2 Spellcasting
 - Level 3.0 Hexes
 - Level 3.0 Charms
 - Level 3.0 Summonings
 - Level 3.0 Necromancy
 - Level 11.6 Transmutations
 - Level 3.0 Ice Magic
 - Level 17.0 Invocations


You had 6 spell levels left.
You knew the following spells:

 Your Spells              Type           Power        Failure   Level  Hunger
a - Ice Form              Ice/Tmut       #####...     4%          4    ####...
b - Regeneration          Chrm/Necr      ###.......   9%          3    ##.....
c - Confusing Touch       Hex            ###...       2%          1    None
d - Blade Hands           Tmut           ######....   1%          5    #####..
e - Summon Butterflies    Summ           ###.....     2%          1    None
f - Ozocubu's Armour      Chrm/Ice       ###.....     9%          3    ##.....
g - Passwall              Tmut/Erth      #####.....   1%          2    None
h - Dragon Form           Tmut           ######....   54%         7    #######
i - Sticks to Snakes      Tmut           ######..     1%          2    None


Dungeon Overview and Level Annotations

Branches:
Dungeon (15/15)            Temple (0/1) D:5            Lair (6/6) D:8
 Shoals (4/4) Lair:4       Spider (4/4) Lair:3        Slime (0/5) Lair:6
    Orc (2/2) D:12            Elf (0/3) Orc:2        Vaults (5/5) D:13
  Crypt (0/3) Vaults:3     Depths (5/5) D:15            Zot (3/5) Depths:5

Altars:
Ashenzari
Gozag
Kikubaaqudgha
Makhleb
Nemelex Xobeh
Okawaru
Qazlal
Ru
Trog
Uskayaw
Yredelemnul
Zin
The Shining One
Beogh

Shops:
D:11 (}   Orc:2 ([=:   Shoals:2 }   Shoals:4 [}=*   Vaults:5 :   Depths:5 *

Portals:
Hell: Depths:1 Depths:2 Depths:3 Depths:4 Depths:5
Abyss: Depths:3 Depths:4
Pandemonium: Depths:3
Ziggurat: Depths:1


Innate Abilities, Weirdness & Mutations

You cannot wear boots.
Your serpentine skin is tough. (AC +9)
You have supernaturally acute eyesight. (SInv)
Armour fits poorly on your strangely shaped body.
Your system is resistant to poisons. (rPois)
You cover ground very slowly.
You have a slow metabolism.
You can spit poison.
You can use your snake-like lower body to constrict enemies.
You have sharp fingernails.
Your tail ends in a poisonous barb.
You are partially covered in thin metallic scales. (AC +2)
You have a somewhat thin skeletal structure. (Dex +2, Stealth)
You can translocate small distances at will.
You are dopey. (Int -2)
Your magical capacity is low. (-10% MP)


Message History

A white draconian comes into view. It is wielding a dire flail.
Huge Dmg: -9%(-26hp) hp: 33%(86hp)
You are confused.
You feel invigorated.
The death cob hits you but does no damage.
The quicksilver dragon bites you!
* * * LOW HITPOINT WARNING * * *
The quicksilver dragon claws you!!
* * * LOW HITPOINT WARNING * * *
The death cob misses you. The quicksilver dragon bites you.
* * * LOW HITPOINT WARNING * * *
The quicksilver dragon claws you!!
* * * LOW HITPOINT WARNING * * *
The death cob hits you!!
* * * LOW HITPOINT WARNING * * *
The death cob drains your vigour!
You feel as though you will be slow longer.
The tentacled monstrosity tentacle-slaps you but does no damage.
The tentacled monstrosity tentacle-slaps you!
You die...

*,,,*,,,,,.#,,?#,,,#.*,**,*,*****
*,***,,,,.......#,#..#.#*,...,,,*
,,,,,,,,,....#...#,....#**#.#**,*
,,*,,,,,*...#...#.#....# #..,,,*
,,*,,,,,,#.#..d#...##..####.##***
,,*,,,,,,,#...#d...##........,*
,**,,,,,,#.#...q)#......#*#.#**
,,,,,,,,*...>.yX#D......###.#
***,*,,*,,,,,*,#@...........# *
*,**,,,,*,,,#z....##+#....# *
*,**,,,*,,,#.#....##......#****
***,,,*,*,,,#...#..###......#,,,,
+,*,,,,*,,,#....#.## #......#,,,,
*,*,,,*,*,........# #....#.#,,,,
*+*,,*,,,#...#...## ###..#.#,,,,
,,,,*,,,,.#.##...****#......#,,,,
,,,,*,,,,,,*,,,,,*,,,#.##.#.#,,,,


You could see a tentacled monstrosity, a purple draconian knight, a black
draconian (berserk), a white draconian, a death cob, a quicksilver dragon
(berserk) and a moth of wrath.

Vanquished Creatures
  2 ancient liches (Vaults:5)
  Mara (Spider:4)
  3 juggernauts
  Bai Suzhen (Vaults:3)
  Frederick (Vaults:2)
  6 caustic shrikes
  2 Killer Klowns (Zot:1)
  A bone dragon (Depths:4)
  6 liches
  5 golden dragons
  8 tentacled monstrosities
  4 titans
  Frances (D:13)
  2 quicksilver dragons
  3 death cobs
  Gastronok (Lair:3)
  Agnes (Spider:4)
  5 sphinxes
  3 storm dragons
  Kirke (D:13)
  10 tengu reavers
  Ilsuiw (Shoals:4)
  9 shadow dragons
  11 frost giants
  4 draconian knights
  16 fire giants
  2 ghost moths (Spider:4)
  5 emperor scorpions
  3 orc warlords
  A balrug (Depths:1)
  A deep elf sorcerer (Vaults:5)
  11 vault wardens
  5 iron dragons
  The ghost of Mesmaeker13 the Nimble, a journeyman DrSk of Hepliaklqana (Orc:2)
  A draconian scorcher (Depths:5)
  2 deep elf elementalists (Depths:4)
  A draconian shifter (Zot:1)
  3 draconian stormcallers
  12 ironheart preservers
  4 spriggan defenders
  A war gargoyle (Vaults:5)
  2 entropy weavers
  31 very ugly things
  A vampire knight (Depths:3)
  Nessos (D:13)
  3 caustic shrike skeletons
  22 stone giants
  An entropy weaver (shapeshifter) (Depths:2)
  A deep elf demonologist (Vaults:3)
  9 red draconians
  4 black draconians
  8 green draconians
  2 deep elf annihilators
  3 spark wasps
  A purple draconian (Depths:5)
  Azrael (D:15)
  The ghost of bgiannan the Cleaver, a journeyman MiFi of Cheibriados (Lair:3)
  5 white draconians
  5 merfolk javelineers
  Snorg (Lair:4)
  A deep elf death mage (Depths:4)
  20 ettins
  A minotaur (Lab)
  A blizzard demon (Depths:3)
  7 merfolk impalers
  14 fire dragons
  11 great orbs of eyes
  11 rakshasas
  16 yaktaur captains
  3 deep elf high priests
  25 vault guards (Vaults:5)
  4 jiangshi
  Erolcha (D:13)
  A monstrous demonspawn (Depths:3)
  10 hydras
  15 ice dragons
  13 centaur warriors
  4 catoblepae
  3 ghost crabs (Depths:4)
  5 merfolk avatars
  A death knight (Vaults:3)
  7 merfolk aquamancers
  A death yak (shapeshifter) (Depths:2)
  5 alligator snapping turtles
  3 spriggan air magi
  2 dancing weapons
  7 death yaks
  55 two-headed ogres
  Erica (D:8)
  21 ogre magi
  8 tengu warriors
  3 satyrs (Shoals:3)
  3 vampire magi
  22 deep troll earth magi
  An alligator (Lair:4)
  21 deep troll shamans
  An orc high priest (D:12)
  13 hell knights
  4 spriggan berserkers
  5 deep elf knights
  A storm dragon zombie (Vaults:4)
  3 skeletal warriors (Vaults:3)
  A titan skeleton (Vaults:4)
  2 large abominations (Vaults:5)
  A shadow wraith (Vaults:4)
  7 iron trolls
  An infernal demonspawn (Depths:3)
  3 unseen horrors
  A death drake (Depths:4)
  6 flayed ghosts
  6 glowing orange brains
  13 sea snakes
  A glowing orange brain (shapeshifter) (Vaults:5)
  2 lindwurms (Lair:5)
  74 deep trolls
  A swamp dragon (shapeshifter) (Depths:4)
  4 deep elf archers
  15 deep elf magi
  9 necromancers
  13 orc knights
  22 harpies
  9 wizards
  A lindwurm (shapeshifter) (Depths:2)
  A phantasmal warrior (Vaults:5)
  A mana viper (shapeshifter) (Vaults:5)
  16 ironbrand convokers
  17 manticores
  15 orb spiders
  35 ugly things
  3 orc sorcerers
  An oklob plant (Shoals:3)
  A shining eye (Depths:1)
  A worldbinder (Depths:4)
  A tengu skeleton (Depths:4)
  6 cyclopes
  2 mana vipers (Depths:4)
  A sphinx skeleton (Depths:2)
  19 fauns
  7 moths of wrath
  3 salamanders (shapeshifter)
  38 wolf spiders
  12 merfolk sirens
  2 elephants (Lair:5)
  8 water nymphs
  3 guardian serpents (shapeshifter)
  7 black mambas
  A rust devil (Depths:3)
  A naga mage (Depths:4)
  An eye of devastation (Depths:1)
  A spiny frog (shapeshifter) (Vaults:4)
  10 vault sentinels
  2 stone giant skeletons
  2 gargoyles
  2 kobold demonologists
  2 torpor snails
  13 spiny frogs
  39 yaktaurs
  A storm dragon simulacrum (Depths:4)
  A spriggan zombie (Depths:2)
  2 rime drakes (shapeshifter) (Vaults:2)
  A yaktaur zombie (Vaults:4)
  A yaktaur (shapeshifter) (Depths:1)
  16 demonic crawlers
  5 human skeletons
  2 efreet
  A komodo dragon (shapeshifter) (Vaults:3)
  3 freezing wraiths
  14 komodo dragons
  2 tengu conjurers
  A troll (shapeshifter) (Vaults:5)
  6 hellwings (Depths:1)
  A merfolk (shapeshifter) (Vaults:5)
  A wind drake (shapeshifter) (Vaults:5)
  4 red devils
  14 trolls
  35 jumping spiders
  30 merfolk
  Grinder (D:4)
  7 wind drakes
  22 hornets
  2 ettin zombies (Vaults:1)
  18 blink frogs
  A sphinx simulacrum (Depths:4)
  19 slime creatures
  14 snapping turtles
  A human simulacrum (Vaults:2)
  An ettin skeleton (Vaults:5)
  A centaur simulacrum (D:14)
  21 hippogriffs
  4 air elementals
  A flying skull (Vaults:3)
  33 tarantellas
  75 redbacks
  A tarantella (shapeshifter) (Vaults:1)
  8 spriggans
  21 water elementals
  A shadow (D:15)
  A spriggan skeleton (Depths:2)
  3 basilisks
  2 wraiths (Vaults:3)
  10 wyverns
  A wyvern (shapeshifter) (Depths:4)
  3 golden eyes (shapeshifter)
  56 yaks
  4 fire elementals
  A hog (D:13)
  4 hungry ghosts
  3 steam dragons
  12 vampire mosquitoes
  A warg (shapeshifter) (Depths:4)
  5 acid dragons
  A tengu zombie (Depths:2)
  A swamp worm (shapeshifter) (Vaults:5)
  9 wargs
  A floating eye (shapeshifter) (Vaults:5)
  4 hell hounds
  21 water moccasins
  A meliai simulacrum (D:14)
  4 floating eyes
  5 porcupines
  Duvessa (D:5)
  65 orc warriors
  3 sky beasts
  A black bear (D:7)
  2 eyes of draining
  48 ogres
  4 ice beasts
  17 boggarts
  An eye of draining (shapeshifter) (Vaults:2)
  5 wolves (Lair:5)
  5 phantoms
  An elf zombie (Vaults:1)
  2 elf skeletons
  34 centaurs
  7 big kobolds
  The ghost of gobwax the Firebug, an amateur OpFE (D:3)
  18 crocodiles
  20 bullfrogs
  A yaktaur skeleton (Vaults:1)
  A bullfrog (shapeshifter) (Depths:3)
  Dowan (D:5)
  2 earth elementals (Depths:4)
  2 glowing shapeshifter simulacra
  4 scorpions
  4 small abominations
  22 killer bees
  2 orc simulacra
  12 wights
  4 electric eels
  14 crimson imps
  3 bullfrog zombies
  4 centaur zombies
  32 orc priests
  3 bullfrog skeletons
  A jelly (shapeshifter) (Depths:3)
  3 human zombies
  10 hounds
  23 jellies
  5 centaur skeletons
  5 iguanas
  32 orc wizards
  10 worker ants
  A killer bee zombie (D:5)
  A big kobold zombie (Ossuary)
  6 hound zombies
  3 mummies (Ossuary)
  A worker ant zombie (D:10)
  Robin (D:4)
  4 gnolls (D:5)
  A howler monkey skeleton (D:6)
  16 adders
  3 shadow imps
  3 white imps (Vaults:3)
  An ooze (shapeshifter) (Vaults:5)
  An ufetubus (Vaults:3)
  3 oozes
  2 adder zombies
  2 worms (D:2)
  5 dart slugs
  4 leopard geckos
  116 orcs
  3 ball pythons
  3 giant cockroaches
  20 goblins
  11 hobgoblins
  18 jackals
  33 kobolds
  4 quokkas
  12 bats
  3 frilled lizards
  2 gnoll zombies (Ossuary)
  A goblin zombie (Ossuary)
  3 hobgoblin zombies (Ossuary)
  A jackal skeleton (D:4)
  5 jackal zombies (Ossuary)
  8 kobold zombies (Ossuary)
  An orc zombie (Ossuary)
  A quokka skeleton (D:6)
  7 quokka zombies
  14 rats
  3 rat zombies (Ossuary)
  A crawling corpse (Vaults:5)
  2 plants
2394 creatures vanquished.

Vanquished Creatures (collateral kills)
  An acid blob (Lair:6)
  Roxanne (Spider:4)
  A merfolk javelineer (Shoals:4)
  2 two-headed ogres (Vaults:3)
  A sea snake (Shoals:3)
  An orc knight (Vaults:3)
  A wolf spider (Spider:4)
  A merfolk siren (Shoals:3)
  A spiny frog (Lair:4)
  2 demonic crawlers
  3 merfolk (Shoals:4)
  A redback (Spider:2)
  An ogre (Vaults:5)
  A fungus (Lair:6)
18 creatures vanquished.

Vanquished Creatures (others)
  A draconian shifter (Zot:3)
  A two-headed ogre (Depths:1)
  A shock serpent (Zot:3)
  3 humans
  A basilisk (Depths:4)
  An acid dragon (Vaults:2)
  An orc warrior (Vaults:4)
  A boggart (Depths:3)
  An ogre (Depths:2)
  A glowing shapeshifter simulacrum (Vaults:3)
  A jelly (D:14)
  An orc wizard (Orc:1)
  5 fungi
  32 plants
  19 toadstools (Lair:5)
70 creatures vanquished.

Grand Total: 2482 creatures vanquished

Notes
Turn   | Place    | Note
-------+----------+-------------------------------------------
     0 | D:1      | Monsterracer the Naga Transmuter began the quest for the Orb.
     0 | D:1      | Reached XP level 1. HP: 18/18 MP: 3/3
   180 | D:1      | Reached XP level 2. HP: 25/25 MP: 1/5
   470 | D:1      | Learned a level 2 spell: Sticks to Snakes
   608 | D:1      | Reached XP level 3. HP: 24/31 MP: 4/6
   874 | D:1      | Learned a level 3 spell: Spider Form
   900 | D:2      | Found a faded altar of an unknown god.
   928 | D:2      | Became a worshipper of Makhleb the Destroyer
   928 | D:2      | Reached * piety under Makhleb
  1638 | D:2      | Reached XP level 4. HP: 38/38 MP: 7/7
  1883 | D:2      | Reached skill level 4 in Unarmed Combat
  2313 | D:3      | Reached ** piety under Makhleb
  2313 | D:3      | Reached XP level 5. HP: 27/44 MP: 5/8
  2773 | D:3      | Noticed gobwax's ghost (amateur OpFE)
  2800 | D:3      | HP: 22/44 [gobwax's ghost/puff of flame (12)]
  2815 | D:3      | Killed gobwax's ghost
  2815 | D:3      | Reached skill level 5 in Unarmed Combat
  2815 | D:3      | Reached XP level 6. HP: 41/51 MP: 9/9
  3411 | D:4      | Got a heavily runed ring mail
  3422 | D:4      | Identified the +1 ring mail of the King of the Hill {+Blink rElec Regen+ Stlth-} (You found it on level 4 of the Dungeon)
  3483 | D:4      | Noticed Robin
  3488 | D:4      | Noticed a phantom
  3525 | D:3      | HP: 22/52 [goblin/club[Robin] (5)]
  3713 | D:4      | Killed Robin
  3757 | D:4      | HP: 25/52 [phantom (10)]
  3767 | D:4      | Killed a phantom
  3767 | D:4      | Reached *** piety under Makhleb
  3767 | D:4      | Reached skill level 5 in Transmutations
  3767 | D:4      | Reached XP level 7. HP: 43/60 MP: 7/10
  3855 | D:4      | Found a sand-covered staircase.
  3860 | Ossuary  | Entered an ossuary
  3954 | Ossuary  | HP: 30/61 [big kobold zombie (2)]
  4594 | D:4      | Reached **** piety under Makhleb
  4721 | D:4      | Reached skill level 1 in Invocations
  4922 | D:4      | Noticed Grinder
  4936 | D:4      | Paralysed by Grinder for 2 turns
  4942 | D:4      | Killed Grinder
  4942 | D:4      | Reached skill level 1 in Stealth
  4942 | D:4      | Reached skill level 6 in Unarmed Combat
  4942 | D:4      | Reached XP level 8. HP: 69/69 MP: 11/11
  5217 | D:5      | Entered Level 5 of the Dungeon
  5218 | D:5      | Found a staircase to the Ecumenical Temple.
  5223 | D:5      | Noticed Duvessa
  5232 | D:5      | Killed Duvessa
  5237 | D:5      | Noticed Dowan
  5252 | D:5      | Killed Dowan
  5363 | D:5      | Learned a level 5 spell: Blade Hands
  5399 | D:5      | HP: 33/69 [orc/tomahawk (5)]
  5406 | D:5      | HP: 26/69 [worker ant (8)]
  5411 | D:5      | HP: 31/69 [orc/falchion (3)]
  5641 | D:5      | Found a bloodstained altar of Trog.
  6538 | D:6      | Got a fine brass ring
  6539 | D:6      | Identified the ring "Epovehy" {rF+ rN++ MP+9 EV+5 Slay-5} (You found it on level 6 of the Dungeon)
  6700 | D:6      | Reached skill level 7 in Unarmed Combat
  7110 | D:5      | Reached XP level 9. HP: 78/78 MP: 8/12
  7190 | D:5      | HP: 33/78 [orc warrior/hand axe (9)]
  7749 | D:6      | Gained mutation: Your tail ends in a poisonous barb. [mutagenic meat]
  7750 | D:6      | Gained mutation: You are covered in fur. (AC +1) [mutagenic meat]
  7785 | D:6      | Gained mutation: You are partially covered in slimy green scales. (AC +2) [mutagenic meat]
  7816 | D:7      | Reached skill level 5 in Stealth
  8639 | D:7      | Reached skill level 8 in Unarmed Combat
  8909 | D:8      | Found a flagged portal.
  8926 | D:8      | HP: 37/80 [orc warrior/enchanted long sword (21)]
  9115 | D:8      | Reached skill level 5 in Fighting
  9131 | Bailey   | Entered a bailey
  9176 | Bailey   | Reached ***** piety under Makhleb
  9213 | Bailey   | Reached XP level 10. HP: 72/88 MP: 11/13
  9235 | Bailey   | HP: 33/88 [orc warrior/war axe (18)]
  9569 | Bailey   | Found an iron altar of Okawaru.
  9731 | D:8      | Found a staircase to the Lair.
  9995 | D:8      | Found a hide-covered altar of Uskayaw.
  9998 | D:8      | Found a basalt altar of Yredelemnul.
 10005 | D:8      | Found an ancient bone altar of Kikubaaqudgha.
 10011 | D:8      | Noticed Erica
 10027 | D:8      | Killed Erica
 10027 | D:8      | Reached skill level 5 in Invocations
 10246 | D:8      | Found a sparkling altar of Nemelex Xobeh.
 10250 | D:8      | Found an opulent altar of Gozag.
 10256 | D:8      | Found an iron altar of Okawaru.
 10261 | D:8      | Found a shattered altar of Ashenzari.
 10512 | D:8      | Reached skill level 9 in Unarmed Combat
 10581 | D:8      | Noticed a two-headed ogre
 10589 | D:8      | Killed a two-headed ogre
 10807 | D:8      | Found a bloodstained altar of Trog.
 10827 | D:8      | Found a glowing golden altar of the Shining One.
 11107 | D:9      | Reached XP level 11. HP: 92/97 MP: 10/15
 11137 | D:9      | Learned a level 4 spell: Ice Form
 11598 | D:9      | Noticed a centaur warrior
 11618 | D:9      | Killed a centaur warrior
 11710 | D:10     | Entered Level 10 of the Dungeon
 11961 | D:10     | Reached skill level 10 in Unarmed Combat
 12834 | Lair:1   | Entered Level 1 of the Lair of Beasts
 12897 | Lair:1   | Reached skill level 10 in Transmutations
 13225 | Lair:1   | Got a faintly glowing hand crossbow
 13226 | Lair:1   | Identified the +6 hand crossbow "Liashrig" {venom, Dex+3} (You found it on level 1 of the Lair of Beasts)
 13247 | Lair:1   | Got a twisted flail
 13251 | Lair:1   | Identified the +5 flail "Gaggil" {speed, rPois rF- Dex+6} (You found it on level 1 of the Lair of Beasts)
 13765 | Lair:2   | Reached XP level 12. HP: 98/109 MP: 17/17
 13862 | Lair:2   | Reached skill level 5 in Dodging
 13894 | Lair:2   | Reached ****** piety under Makhleb
 14264 | Lair:2   | Noticed a five-headed hydra
 14284 | Lair:2   | Killed a five-headed hydra
 15002 | Lair:3   | Noticed Gastronok
 15012 | Lair:3   | HP: 52/109 [komodo dragon (11)]
 15017 | Lair:3   | HP: 29/109 [Gastronok/the air (18)]
 15022 | Lair:3   | HP: 18/109 [Gastronok/the air (12)]
 15027 | Lair:3   | Killed Gastronok
 15027 | Lair:3   | Reached skill level 11 in Unarmed Combat
 15093 | Lair:3   | Noticed bgiannan's ghost (journeyman MiFi)
 15259 | Lair:3   | Found a hole to the Spider Nest.
 15441 | Lair:3   | Killed bgiannan's ghost
 15441 | Lair:3   | Reached skill level 10 in Stealth
 15671 | Lair:3   | Noticed a death yak
 15682 | Lair:3   | Killed a death yak
 15689 | Lair:3   | Got a sapphire dagger
 15692 | Lair:3   | Identified the +4 dagger "Wicyphea" {pierce, *Contam +Rage +Inv rPois} (You found it on level 3 of the Lair of Beasts)
 15913 | Lair:3   | Gained mutation: You are frail. (-10% HP) [mutagenic glow]
 15914 | Lair:3   | Lost mutation: You are frail. (-10% HP) [potion of mutation]
 15914 | Lair:3   | Lost mutation: You are partially covered in slimy green scales. (AC +2) [potion of mutation]
 15914 | Lair:3   | Lost mutation: Your tail ends in a poisonous barb. [potion of mutation]
 15914 | Lair:3   | Lost mutation: You are covered in fur. (AC +1) [potion of mutation]
 15914 | Lair:3   | Gained mutation: Your tail ends in a poisonous barb. [potion of mutation]
 15914 | Lair:3   | Gained mutation: You have a pair of small horns on your head. [potion of mutation]
 15915 | Lair:3   | Lost mutation: Your tail ends in a poisonous barb. [potion of mutation]
 15915 | Lair:3   | Lost mutation: You have a pair of small horns on your head. [potion of mutation]
 15915 | Lair:3   | Gained mutation: Your body sometimes deteriorates upon taking damage. [potion of mutation]
 15915 | Lair:3   | Gained mutation: You have a somewhat thin skeletal structure. (Dex +2, Stealth) [potion of mutation]
 15915 | Lair:3   | Gained mutation: You are clumsy. (Dex -2) [potion of mutation]
 15915 | Lair:3   | Gained mutation: You possess an exceptional clarity of mind. [potion of mutation]
 16112 | Lair:4   | Noticed an eight-headed hydra
 16125 | Lair:4   | Killed an eight-headed hydra
 16538 | Lair:4   | Gained mutation: You can use your snake-like lower body to constrict enemies. [Naga growth]
 16538 | Lair:4   | Reached XP level 13. HP: 110/117 MP: 19/19
 16742 | Lair:4   | Found a staircase to the Shoals.
 16744 | Lair:4   | Noticed Snorg
 16754 | Lair:4   | Killed Snorg
 17142 | Lair:5   | HP: 57/141 [eight-headed hydra (16)]
 17507 | Lair:5   | HP: 66/141 [eight-headed hydra (12)]
 17510 | Lair:5   | HP: 26/141 [eight-headed hydra (12)]
 17512 | Lair:5   | Reached skill level 12 in Unarmed Combat
 17763 | Lair:5   | Found a runed door.
 18621 | Lair:6   | Entered Level 6 of the Lair of Beasts
 18890 | Lair:6   | Reached skill level 13 in Unarmed Combat
 18890 | Lair:6   | Reached XP level 14. HP: 129/129 MP: 19/21
 18954 | Lair:6   | Learned a level 1 spell: Summon Butterflies
 18976 | Lair:6   | Noticed an acid blob
 18986 | Lair:6   | HP: 65/130 [acid blob (36)]
 18987 | Lair:6   | HP: 30/130 [acid (7)]
 19474 | Lair:6   | Reached XP level 15. HP: 138/138 MP: 22/22
 19476 | Lair:6   | Found a staircase to the Slime Pits.
 19487 | Lair:6   | Reached skill level 10 in Invocations
 19509 | Lair:6   | Reached skill level 1 in Summonings
 19514 | Lair:6   | HP: 70/165 [seven-headed hydra (17)]
 19516 | Lair:6   | HP: 26/165 [seven-headed hydra (11)]
 19919 | Lair:6   | Killed an acid blob
 20195 | Lair:6   | Noticed a balrug
 20233 | Lair:6   | Reached skill level 10 in Fighting
 20256 | Lair:6   | HP: 69/138 [yak (7)]
 20390 | Lair:6   | HP: 69/138 [black mamba (15)]
 20516 | Lair:6   | Reached skill level 14 in Unarmed Combat
 20788 | Lair:6   | Identified the Grimoire of Fiery Contamination
 21115 | D:11     | Learned a level 1 spell: Confusing Touch
 21119 | D:11     | Found Cafuox's Antique Weapon Boutique.
 21149 | D:11     | Learned a level 3 spell: Ozocubu's Armour
 21408 | D:11     | Reached skill level 1 in Ice Magic
 21418 | D:11     | Found Sydgh's Gadget Emporium.
 21630 | D:12     | Found a sacrificial altar of Ru.
 21727 | D:12     | Found a roughly hewn altar of Beogh.
 21744 | D:12     | Reached skill level 1 in Hexes
 21746 | D:12     | HP: 65/140 [orc warrior/short sword (13)]
 21750 | D:12     | Found a staircase to the Orcish Mines.
 21999 | D:12     | Found a portal to a secret trove of treasure.
 22685 | Orc:1    | Entered Level 1 of the Orcish Mines
 22688 | Orc:1    | Noticed an orc warlord
 22693 | Orc:1    | Noticed an orc warlord
 22725 | D:12     | Reached skill level 1 in Charms
 22732 | D:12     | HP: 60/140 [orc warlord/war axe (24)]
 22737 | D:12     | HP: 31/140 [orc warlord/war axe (9)]
 22739 | D:12     | HP: 9/140 [orc warlord/war axe (23)]
 22757 | D:12     | HP: 37/140 [orc warlord/war axe (5)]
 22764 | D:12     | HP: 28/210 [orc warlord/war axe (5)]
 22766 | D:12     | HP: 10/210 [orc warlord/war axe (18)]
 22768 | D:12     | Killed an orc warlord
 22948 | Orc:1    | HP: 67/140 [orc warrior/glaive of flaming[an orc warlord] (8)]
 22975 | D:12     | HP: 70/140 [killer bee (8)]
 23173 | D:12     | HP: 67/140 [orc warrior/hand axe[an orc warlord] (19)]
 23293 | D:12     | HP: 70/140 [orc warlord/enchanted long sword (20)]
 23294 | D:12     | Killed an orc warlord
 23849 | Orc:2    | Entered Level 2 of the Orcish Mines
 23923 | Orc:2    | Noticed Mesmaeker13's ghost (journeyman DrSk)
 23935 | Orc:2    | Killed Mesmaeker13's ghost
 24138 | Orc:2    | Found a staircase to the Elven Halls.
 24271 | Orc:2    | Found a roughly hewn altar of Beogh.
 24477 | Orc:2    | Noticed an orc warlord
 24492 | Orc:2    | Reached XP level 16. HP: 142/148 MP: 24/24
 24618 | Orc:2    | HP: 71/148 [orc warlord/uncursed long sword of slicing (20)]
 24750 | Orc:2    | Found a roughly hewn altar of Beogh.
 24821 | Orc:2    | Found Kudd's Antique Weapon Boutique.
 24822 | Orc:2    | Found a roughly hewn altar of Beogh.
 24823 | Orc:2    | Found Xasiuk's Antique Armour Shop.
 25020 | Orc:2    | Found a roughly hewn altar of Beogh.
 25021 | Orc:2    | Found Biceozxe's Book Emporium.
 25221 | Orc:2    | Found a roughly hewn altar of Beogh.
 25224 | Orc:2    | Found Xaipsiguko's Jewellery Shoppe.
 25244 | Orc:2    | Bought the ring "Itairhil" {rPois rN+ AC+4 Str-2 Int+3} for 802 gold pieces
 25689 | D:13     | Noticed Erolcha
 25699 | D:13     | Killed Erolcha
 25767 | D:13     | Noticed Frances
 25777 | D:13     | Killed Frances
 25810 | D:13     | Found a labyrinth entrance.
 25818 | D:13     | Noticed Kirke
 25823 | Lab      | Entered a labyrinth
 26499 | Lab      | Identified the Disquisition on Nocuous Transmutation
 26563 | Lab      | Got a heavily runed chain mail
 26574 | Lab      | Identified the +2 chain mail of the Vestibule of Hell {Int+2} (You found it in a labyrinth)
 26820 | D:13     | HP: 74/150 [enchanted long sword (18)]
 26825 | D:13     | HP: 63/150 [enchanted long sword (12)]
 26834 | D:12     | HP: 45/150 [enchanted long sword (9)]
 26839 | D:12     | HP: 23/150 [enchanted long sword (17)]
 26939 | D:12     | HP: 70/150 [enchanted long sword (9)]
 26951 | D:12     | Learned a level 2 spell: Passwall
 27164 | D:13     | Noticed Nessos
 27182 | D:13     | Killed Nessos
 27182 | D:13     | Reached skill level 15 in Unarmed Combat
 27218 | D:12     | HP: 86/180 [seven-headed hydra (6)]
 27219 | D:12     | HP: 41/180 [yak (3)]
 27242 | D:12     | HP: 50/180 [yak (1)]
 27248 | D:11     | HP: 36/180 [yak (10)]
 27465 | D:12     | HP: 89/180 [yak (6)]
 27806 | D:13     | Killed Kirke
 27858 | D:13     | Found a gate to the Vaults.
 28326 | D:14     | Lost mutation: You are clumsy. (Dex -2) [potion of mutation]
 28326 | D:14     | Lost mutation: Your body sometimes deteriorates upon taking damage. [potion of mutation]
 28326 | D:14     | Lost mutation: You possess an exceptional clarity of mind. [potion of mutation]
 28326 | D:14     | Gained mutation: Your body sometimes deteriorates upon taking damage. [potion of mutation]
 28326 | D:14     | Gained mutation: Your magical capacity is low. (-10% MP) [potion of mutation]
 28326 | D:14     | Gained mutation: You are resistant to hostile enchantments. (MR+) [potion of mutation]
 29098 | D:14     | Found a glowing silver altar of Zin.
 29236 | D:15     | Entered Level 15 of the Dungeon
 29549 | D:15     | HP: 90/180 [cyclops/large rock (44)]
 29555 | D:15     | HP: 84/180 [centaur/arrow (7)]
 29983 | D:15     | Noticed Azrael
 29994 | D:15     | Killed Azrael
 30119 | D:15     | Gained mutation: You can translocate small distances at will. [mutagenic meat]
 30122 | D:15     | Gained mutation: You are dopey. (Int -2) [mutagenic meat]
 30126 | D:15     | Gained mutation: You tend to lose your temper in combat. [mutagenic meat]
 30127 | D:15     | Gained mutation: You are partially covered in thin metallic scales. (AC +2) [mutagenic meat]
 30128 | D:15     | Lost mutation: Your body sometimes deteriorates upon taking damage. [mutagenic meat]
 30129 | D:15     | Gained mutation: You are highly resistant to hostile enchantments. (MR++) [mutagenic meat]
 30351 | D:15     | Reached XP level 17. HP: 157/157 MP: 17/23
 30635 | D:15     | Found a staircase to the Depths.
 30764 | D:12     | You paid a toll of +2 ice dragon scales to enter a treasure trove
 30765 | Trove    | Entered a treasure trove
 30770 | Trove    | Got a dazzling cloak
 30776 | Trove    | Identified the cursed +0 cloak of the Gloaming {rElec rPois rC- Str-5} (You found it in a treasure trove)
 30839 | Trove    | Got ancient fire dragon scales
 30845 | Trove    | Identified the +0 fire dragon scales of Bedevilment {rF++ rC- MP+9} (You found it in a treasure trove)
 30880 | Trove    | Got a spiked troll leather armour
 30886 | Trove    | Identified the +4 troll leather armour of Yjuroqygh {rElec rF+++ MR- Regen+ Dex-2} (You found it in a treasure trove)
 30905 | Trove    | Got an ichor-stained naga barding
 30916 | Trove    | Identified the +5 naga barding of the Soldier {rF+ MR+ Stlth+} (You found it in a treasure trove)
 31484 | Spider:1 | Entered Level 1 of the Spider Nest
 31614 | Spider:1 | Reached skill level 1 in Armour
 31773 | Spider:1 | HP: 76/157 [wolf spider (8)]
 31780 | Spider:1 | HP: 79/158 [poisoned by a wolf spider]
 31785 | Spider:1 | HP: 77/158 [poisoned by a wolf spider]
 31962 | Spider:1 | Reached skill level 16 in Unarmed Combat
 32471 | Spider:1 | HP: 77/159 [poisoned by a redback]
 32476 | Spider:1 | HP: 79/159 [poisoned by a redback]
 32481 | Spider:1 | HP: 57/159 [poisoned by a redback]
 32486 | Spider:1 | HP: 32/159 [poisoned by a redback]
 32491 | Spider:1 | HP: 16/159 [poisoned by a redback]
 32496 | Spider:1 | HP: 20/159 [poisoned by a redback]
 32502 | Spider:1 | HP: 14/159 [poisoned by a redback]
 32508 | Spider:1 | HP: 24/159 [poisoned by a redback]
 32514 | Spider:1 | HP: 26/159 [poisoned by a redback]
 32522 | Spider:1 | HP: 30/159 [poisoned by a redback]
 33495 | Spider:2 | Got an ichor-stained spear
 33496 | Spider:2 | Identified the +7 spear "Monsterracer's Doom" {pierce, Str+4 Dex+2} (You found it on level 2 of the Spider Nest)
 34370 | Spider:4 | Entered Level 4 of the Spider Nest
 34487 | Spider:4 | Reached skill level 15 in Stealth
 34562 | Spider:4 | Reached XP level 18. HP: 125/168 MP: 20/24
 35159 | Spider:4 | Reached skill level 17 in Unarmed Combat
 35233 | Spider:4 | Got a gossamer rune of Zot
 35340 | Spider:4 | Noticed Mara
 35361 | Spider:4 | Killed Mara
 35361 | Spider:4 | Reached skill level 5 in Armour
 35362 | Spider:4 | Noticed Roxanne
 35386 | Spider:4 | Killed Roxanne
 35404 | Spider:4 | Learned a level 7 spell: Dragon Form
 35473 | Spider:4 | Noticed Agnes
 35483 | Spider:4 | Killed Agnes
 35545 | Spider:4 | Identified Kidwanips's Compendium of Scorching Black Rituals
 35873 | Shoals:1 | Entered Level 1 of the Shoals
 37164 | Shoals:2 | Found Rich's Gadget Boutique.
 37237 | Shoals:2 | Bought a wand of digging (8/24) for 432 gold pieces
 37859 | Shoals:3 | Reached XP level 19. HP: 178/178 MP: 21/26
 37933 | Shoals:3 | Found a stormy altar of Qazlal.
 38149 | Shoals:3 | Reached skill level 18 in Unarmed Combat
 38979 | Shoals:4 | Entered Level 4 of the Shoals
 38979 | Shoals:4 | Found a runed door.
 39052 | Shoals:4 | Got a clouded pewter amulet
 39054 | Shoals:4 | Identified the amulet of the Catfish {RegenMP rF+++ MR+ Int-5 SInv} (You found it on level 4 of the Shoals)
 39164 | Shoals:4 | Found Fiwk's Armour Shoppe.
 39189 | Shoals:4 | Noticed Ilsuiw
 39216 | Shoals:4 | Killed Ilsuiw
 39217 | Shoals:4 | HP: 89/180 [merfolk/trident of flaming (18)]
 39256 | Shoals:4 | Found Nigeli's Gadget Boutique.
 39287 | Shoals:4 | Found Xerhiof's General Store.
 39467 | Shoals:4 | Found Xoroc's Jewellery Shop.
 39475 | Shoals:4 | Bought an uncursed ring of resist corrosion for 280 gold pieces
 39600 | Shoals:4 | HP: 86/180 [merfolk impaler/demon trident of venom (14)]
 39665 | Shoals:4 | HP: 89/180 [drowned by a drowned soul[a merfolk avatar] (15)]
 39776 | Shoals:4 | HP: 75/180 [merfolk aquamancer/torrent of water (20)]
 39781 | Shoals:4 | HP: 33/180 [merfolk aquamancer/shard of ice (40)]
 39790 | Shoals:4 | HP: 73/271 [merfolk/trident (14)]
 40311 | Shoals:4 | Got a barnacled rune of Zot
 40714 | Vaults:1 | Entered Level 1 of the Vaults
 40778 | Vaults:2 | Found a flickering gateway to a bazaar.
 40794 | Bazaar   | Entered a bazaar
 40799 | Bazaar   | Found Vuddaiq's Antique Armour Boutique.
 40805 | Bazaar   | Bought a warped helmet for 209 gold pieces
 40815 | Bazaar   | Identified the cursed +0 helmet "Paing" {+Fly rC- SInv} (You bought it in a shop in a bazaar)
 40840 | Bazaar   | Found Izoic's Antique Weapon Emporium.
 40857 | Bazaar   | Found Vedysm's Book Boutique.
 40874 | Bazaar   | Found Quemus's Antique Weapon Shoppe.
 41157 | Vaults:2 | Found a magical portal.
 41166 | WizLab   | Entered Wucad Mu's Monastery
 41287 | WizLab   | HP: 89/181 [deep troll[old memories] (11)]
 41662 | Vaults:1 | Reached XP level 20. HP: 190/190 MP: 28/28
 41695 | Vaults:1 | Reached skill level 15 in Invocations
 41700 | Vaults:1 | Reached skill level 19 in Unarmed Combat
 41712 | Vaults:1 | Noticed a lich
 41723 | Vaults:1 | Killed a lich
 42893 | Vaults:2 | Got a steaming dagger
 42894 | Vaults:2 | Identified the +9 dagger of the Evening {pierce, rC+} (You found it on level 2 of the Vaults)
 43241 | Vaults:2 | Noticed Frederick
 43247 | Vaults:2 | Killed Frederick
 43619 | Vaults:3 | Noticed Bai Suzhen
 43625 | Vaults:3 | Found a staircase to the Crypt.
 43639 | Vaults:3 | Killed Bai Suzhen
 44527 | Vaults:3 | Reached XP level 21. HP: 176/200 MP: 23/29
 44529 | Vaults:3 | Reached skill level 20 in Unarmed Combat
 44626 | Vaults:3 | Reached skill level 15 in Fighting
 46136 | Depths:1 | Entered Level 1 of the Depths
 46175 | Depths:1 | Reached skill level 10 in Armour
 46267 | Depths:1 | Found a gateway to Hell.
 46640 | Depths:2 | Reached XP level 22. HP: 211/211 MP: 26/30
 46659 | Depths:2 | Reached skill level 21 in Unarmed Combat
 46995 | Depths:2 | HP: 106/212 [fire giant/great sword of flaming (26)]
 47345 | Depths:2 | Noticed a golden dragon
 47387 | Depths:2 | Killed a golden dragon
 47526 | Depths:2 | Got a warped amber ring
 47671 | Depths:2 | Paralysed by a floating eye for 2 turns
 48056 | Depths:2 | Reached skill level 22 in Unarmed Combat
 48154 | Depths:1 | Found a gateway to a ziggurat.
 48165 | Depths:1 | Gained mutation: You are clumsy. (Dex -2) [a shining eye]
 48169 | Depths:1 | Paralysed by a floating eye for 4 turns
 48181 | Depths:1 | Lost mutation: You are highly resistant to hostile enchantments. (MR++) [potion of mutation]
 48181 | Depths:1 | Lost mutation: You tend to lose your temper in combat. [potion of mutation]
 48181 | Depths:1 | Lost mutation: You are resistant to hostile enchantments. (MR+) [potion of mutation]
 48181 | Depths:1 | Lost mutation: You are clumsy. (Dex -2) [potion of mutation]
 48181 | Depths:1 | Gained mutation: You have sharp fingernails. [potion of mutation]
 48181 | Depths:1 | Gained mutation: Your tail ends in a poisonous barb. [potion of mutation]
 48190 | Depths:1 | Reached XP level 23. HP: 222/222 MP: 29/31
 49079 | Depths:3 | Identified the +0 ring mail of the Onion {*Drain MP+9 Int+2 Slay+3} (You found it on level 3 of the Depths)
 49104 | Depths:3 | Noticed a caustic shrike
 49106 | Depths:3 | Noticed a caustic shrike
 49109 | Depths:3 | Noticed a caustic shrike
 49109 | Depths:3 | Noticed a caustic shrike
 49112 | Depths:3 | Killed a caustic shrike
 49116 | Depths:3 | HP: 103/223 [caustic shrike (20)]
 49122 | Depths:3 | Noticed a juggernaut
 49126 | Depths:3 | HP: 90/223 [juggernaut (27)]
 49144 | Depths:3 | Identified the ring of Asorefik {+Fly rPois Str-2 Int+10} (You took it off a yaktaur captain on level 2 of the Depths)
 49146 | Depths:3 | HP: 106/223 [caustic shrike (9)]
 49149 | Depths:3 | Killed a caustic shrike
 49171 | Depths:3 | Identified the +1 chain mail "Jastrabe" {rC- Str+6 SInv} (You found it on level 3 of the Depths)
 49260 | Depths:3 | Reached skill level 10 in Dodging
 49330 | Depths:3 | Killed a caustic shrike
 49350 | Depths:3 | Killed a juggernaut
 49496 | Depths:3 | HP: 106/224 [deep troll (25)]
 49783 | Depths:3 | Reached XP level 24. HP: 234/234 MP: 26/31
 49785 | Depths:3 | Reached skill level 23 in Unarmed Combat
 49908 | Depths:3 | Found a one-way gate to the infinite horrors of the Abyss.
 49985 | Depths:3 | Found a one-way gate leading to the halls of Pandemonium.
 50399 | Depths:4 | Identified the Handbook of Evil Rites
 50405 | Depths:4 | Learned a level 3 spell: Regeneration
 50481 | Depths:4 | Identified Lehudib's Guide on Clay
 50523 | Depths:4 | Reached skill level 1 in Necromancy
 50528 | Depths:4 | Identified the Reference Book on Creation
 50812 | Depths:4 | Noticed a caustic shrike
 50818 | Depths:4 | Killed a caustic shrike
 50825 | Depths:4 | Noticed a caustic shrike
 50831 | Depths:4 | Killed a caustic shrike
 50834 | Depths:4 | Noticed a juggernaut
 50858 | Depths:4 | Killed a juggernaut
 51251 | Depths:4 | Identified the Tome of Poison
 51711 | Depths:4 | Noticed a juggernaut
 51724 | Depths:4 | Killed a juggernaut
 51724 | Depths:4 | Reached XP level 25. HP: 243/243 MP: 27/31
 51814 | Depths:4 | Reached skill level 24 in Unarmed Combat
 51845 | Depths:4 | Identified the +1 pair of gloves of Moral Flaws {MR+ Int+3 Slay+2 Stlth+} (You found it on level 4 of the Depths)
 51895 | Depths:4 | Identified the +7 hand axe of Jeire {elec, *Noise +Fly rC+ Str+4} (You found it on level 4 of the Depths)
 52089 | Depths:5 | Entered Level 5 of the Depths
 52118 | Depths:4 | HP: 120/243 [ice dragon (10)]
 52346 | Depths:5 | Found a gate to the Realm of Zot.
 52573 | Depths:5 | Identified the +2 robe of the Untouchables {Int+2} (You found it on level 5 of the Depths)
 52574 | Depths:5 | Identified a scroll of acquirement
 52577 | Depths:5 | Got a coiled steel amulet
 52580 | Depths:5 | Identified the amulet of Qarchumytz {Harm *Drain rN+} (You acquired it on level 5 of the Depths)
 52696 | Depths:5 | Found Qeazierph's Changing Room.
 52894 | Depths:5 | HP: 118/244 [golden dragon/bolt of cold (28)]
 53172 | Depths:5 | Identified the +4 scale mail "Poghos" {+Fly} (You found it on level 5 of the Depths)
 54104 | Vaults:5 | Entered Level 5 of the Vaults
 54104 | Vaults:5 | Noticed an ancient lich
 54129 | Vaults:5 | Killed an ancient lich
 54129 | Vaults:5 | Reached XP level 26. HP: 255/255 MP: 24/31
 54190 | Vaults:5 | HP: 116/255 [vault guard/halberd of venom (28)]
 54195 | Vaults:5 | HP: 80/255 [poisoned by a vault guard]
 54200 | Vaults:5 | HP: 81/255 [poisoned by a vault guard]
 54205 | Vaults:5 | HP: 83/255 [poisoned by a vault guard]
 54210 | Vaults:5 | HP: 67/255 [poisoned by a vault guard]
 54215 | Vaults:5 | HP: 59/255 [vault guard/halberd of venom (6)]
 54220 | Vaults:5 | HP: 53/255 [poisoned by a vault guard]
 54226 | Vaults:5 | HP: 54/255 [poisoned by a vault guard]
 54231 | Vaults:5 | HP: 75/255 [poisoned by a vault guard]
 54237 | Vaults:5 | HP: 86/255 [poisoned by a vault guard]
 54245 | Vaults:5 | HP: 91/255 [poisoned by a vault guard]
 54259 | Vaults:5 | HP: 91/255 [shadow dragon/bolt of negative energy (12)]
 54271 | Vaults:5 | HP: 108/255 [shadow dragon (3)]
 54403 | Vaults:5 | Noticed an ancient lich
 54413 | Vaults:5 | Killed an ancient lich
 54413 | Vaults:5 | Reached skill level 25 in Unarmed Combat
 54426 | Vaults:5 | Identified the +0 ring mail of the Meadowlark {rN+ Str+4 Stlth+} (You found it on level 5 of the Vaults)
 54933 | Vaults:5 | Got a shimmering brass ring
 55041 | Vaults:5 | Found Hip Anak's Book Shoppe.
 55049 | Vaults:5 | Identified the cursed ring "Aniuv" {rPois MP+9 AC-3 Str+7 Dex-2} (You took it off a deep elf mage on level 5 of the Vaults)
 55199 | Vaults:5 | Got a steaming pewter ring
 55204 | Vaults:5 | Identified the ring "Yffay" {rPois rF- rN+ Int+3 Dex+5} (You took it off a vault warden on level 5 of the Vaults)
 55295 | Vaults:5 | Reached XP level 27. HP: 266/266 MP: 31/31
 55526 | Vaults:5 | Identified the Disquisition on Unstable Moulding
 55531 | Vaults:5 | Got a silver rune of Zot
 55540 | Vaults:5 | Identified the +0 ring mail of the End {rC+} (You found it on level 5 of the Vaults)
 55874 | Vaults:5 | Identified the +1 helmet of the Gloaming {rElec rC- MP-9 Str+8} (You found it on level 5 of the Vaults)
 56398 | Zot:1    | Entered Level 1 of the Realm of Zot
 56464 | Zot:1    | Reached skill level 26 in Unarmed Combat
 56960 | Zot:3    | HP: 128/267 [tentacled monstrosity (10)]
 56962 | Zot:3    | HP: 53/267 [quicksilver dragon (25)]
 56962 | Zot:3    | HP: 13/267 [death cob (20)]
 56962 | Zot:3    | Slain by a tentacled monstrosity

Skill      XL: |  1  2  3  4  5  6  7  8  9 10 11 12 13 14 15 16 17 18 19 20 21 22 23 24 25 26 27 |
---------------+----------------------------------------------------------------------------------+-----
Transmutations | 3 4 5 6 8 9 10 11 | 11.6
Unarmed Combat | 4 5 6 7 8 9 10 11 13 14 15 16 17 18 19 20 22 23 24 25 26 | 26.3
Fighting       | 2 3 4 5 6 7 8 9 10 11 12 13 14 15 16 17 18 19 | 19.7
Invocations    | 2 3 4 5 7 8 9 11 12 13 14 15 16 17 | 17.0
Stealth        | 1 4 5 6 9 10 12 13 15 17 19 20 22 23 | 23.4
Dodging        | 2 3 4 5 7 8 9 10 11 12 13 | 13.5
Summonings     | 3 |  3.0
Ice Magic      | 2 3 |  3.0
Hexes          | 2 3 |  3.0
Charms         | 2 3 |  3.0
Spellcasting   | 4 |  4.2
Armour         | 3 6 7 9 10 11 | 11.0
Necromancy     | 3 |  3.0

Action                   |  1- 3 |  4- 6 |  7- 9 | 10-12 | 13-15 | 16-18 | 19-21 | 22-24 | 25-27 || total
-------------------------+-------+-------+-------+-------+-------+-------+-------+-------+-------++-------
Melee: Unarmed           |    91 |   208 |   476 |   523 |   833 |  1436 |  1433 |  1428 |  1196 ||  7624
       Headbutt          |     5 |     5 |       |       |       |       |       |       |       ||    10
       Punch             |       |     3 |    13 |    14 |    48 |   107 |   157 |   143 |   131 ||   616
       Tailslap          |       |       |     8 |    43 |       |       |       |   145 |   194 ||   390
       Constrict         |       |       |       |       |   137 |   240 |   251 |   217 |   196 ||  1041
 Cast: Beastly Appendage |    12 |     4 |       |       |       |       |       |       |       ||    16
       Spider Form       |     3 |    10 |    14 |     8 |     1 |       |       |       |       ||    36
       Blade Hands       |       |       |     3 |    25 |    54 |    73 |    70 |    53 |    37 ||   315
       Ice Form          |       |       |       |     5 |    11 |    13 |     8 |       |       ||    37
       Ozocubu's Armour  |       |       |       |       |     8 |    30 |    39 |    17 |    20 ||   114
       Summon Butterflie |       |       |       |       |     2 |     1 |       |       |       ||     3
       Confusing Touch   |       |       |       |       |     1 |     3 |     1 |       |       ||     5
       Sticks to Snakes  |       |       |       |       |       |       |     4 |       |       ||     4
       Regeneration      |       |       |       |       |       |       |       |     4 |    11 ||    15
Invok: Minor Destruction |       |     3 |    64 |   183 |   245 |   421 |   195 |    24 |     9 ||  1144
       Lesser Servant of |       |       |       |     2 |     2 |       |       |       |       ||     4
       Greater Servant o |       |       |       |       |     3 |     1 |     1 |       |     3 ||     8
 Abil: Spit Poison       |    18 |    13 |    22 |    27 |    44 |    59 |     6 |       |       ||   189
       End Transformatio |       |       |       |       |     2 |     2 |       |       |       ||     4
       Evoke Flight      |       |       |       |       |       |       |       |       |     1 ||     1
Evoke: Wand              |       |       |       |       |     5 |       |     2 |     1 |       ||     8
  Use: Potion            |       |     6 |       |     3 |     4 |     5 |     1 |     1 |     5 ||    25
       Scroll            |       |     5 |    11 |     8 |     9 |    10 |     6 |    10 |    21 ||    80
 Stab: Sleeping          |     1 |     1 |     1 |    12 |    14 |    15 |    35 |    20 |     5 ||   104
       Distracted        |       |       |     1 |     1 |     2 |     2 |       |     3 |    10 ||    19
       Confused          |       |       |       |       |       |     2 |     1 |       |       ||     3
       Held in net/web   |       |       |       |       |       |     1 |       |       |       ||     1
  Eat: Chunk             |     3 |     8 |    22 |    34 |    49 |    78 |    49 |    35 |    25 ||   303
       Fruit             |       |       |     2 |       |       |     3 |     5 |       |     4 ||    14
       Royal jelly       |       |       |       |       |     1 |     1 |       |       |     1 ||     3
Armor: Robe              |    11 |    27 |    44 |       |    15 |       |       |       |       ||    97
       Skin              |       |     7 |     4 |     9 |    17 |    39 |    14 |       |       ||    90
       Leather armour    |       |       |    38 |   100 |     2 |       |       |       |       ||   140
       Troll leather arm |       |       |       |       |   174 |  1061 |   792 |  1023 |   577 ||  3627
Dodge: Dodged            |    46 |   156 |   267 |   376 |   605 |  1236 |  1031 |  1065 |   760 ||  5542
